EVO
UNIVERSITY OF ILLINOIS FIGHTING ILLINI @ PENNSYLVANIA STATE UNIVERSITY NITTANY LIONS
10/02/2047
 
TOP OF THE 1ST
University of Illinois Fighting Illini batting - Pitching for Pennsylvania State University Nittany Lions : RHP Vicente Garcia
Pitching: RHP Vicente Garcia
Batting: RHB Qian Tai 0-0: Ball
1-0: Ground out 4-3 (Groundball, 4, EV 107.5 MPH)
Batting: SHB Dan Strickland 0-0: Ground out 6-3 (Groundball, 6, EV 91.9 MPH)
Batting: LHB Alex Rivera 0-0: Ball
1-0: Ground out 5-3 (Groundball, 15, EV 82.5 MPH)
Top of the 1st over - 0 runs, 0 hits, 0 errors, 0 left on base; University of Illinois 0 - Pennsylvania State University 0
BOTTOM OF THE 1ST
Pennsylvania State University Nittany Lions batting - Pitching for University of Illinois Fighting Illini : RHP Dante Taylor
Pitching: RHP Dante Taylor
Batting: RHB Francisco Velazquez 0-0: Ball
1-0: Swinging Strike
1-1: Called Strike
1-2: Foul Ball, location: 2F
1-2: Foul Ball, location: 2F
1-2: Fly out, F9 (Flyball, 89M, EV 92.5 MPH)
Batting: RHB Pete Martin 0-0: Ball
1-0: Foul Ball, location: 2F
1-1: SINGLE (Line Drive, 78S, EV 90.6 MPH)
Batting: RHB Josh Ebeling 0-0: Ball
1-0: Ball
2-0: Foul Ball, location: 2F
2-1: Foul Ball, location: 2F
2-2: Strikes out swinging
Batting: RHB Rob Hinojosa 0-0: Ball
Pete Martin is caught stealing 2nd base 2-4
Bottom of the 1st over - 0 runs, 1 hit, 0 errors, 0 left on base; University of Illinois 0 - Pennsylvania State University 0
TOP OF THE 2ND
University of Illinois Fighting Illini batting - Pitching for Pennsylvania State University Nittany Lions : RHP Vicente Garcia
Batting: RHB Lance Borgen 0-0: Fly out, F9 (Flyball, 9D, EV 106.2 MPH)
Batting: SHB Adonis Jones 0-0: Fly out, F8 (Flyball, 8RM, EV 79.4 MPH)
Batting: RHB Edwardo Tanchez 0-0: Ball
1-0: Foul Ball, location: 2F
1-1: Ball
2-1: Foul Ball, location: 2F
2-2: Ball
3-2: Base on Balls
Batting: RHB Bobby Raya 0-0: Ball
1-0: Fly out, F9 (Line Drive, 9LM, EV 85.0 MPH)
Top of the 2nd over - 0 runs, 0 hits, 0 errors, 1 left on base; University of Illinois 0 - Pennsylvania State University 0
BOTTOM OF THE 2ND
Pennsylvania State University Nittany Lions batting - Pitching for University of Illinois Fighting Illini : RHP Dante Taylor
Batting: RHB Rob Hinojosa 0-0: Foul Ball, location: 2F
0-1: Ball
1-1: Foul Ball, location: 2F
1-2: Ball
2-2: Ground out 4-3 (Groundball, 4MS, EV 84.4 MPH)
Batting: RHB Victor Victorino 0-0: Ball
1-0: Called Strike
1-1: Swinging Strike
1-2: Ball
2-2: Strikes out swinging
Batting: RHB Joe Strachan 0-0: Foul Ball, location: 2F
0-1: SINGLE (Groundball, 56D, EV 95.0 MPH)
Batting: RHB Zachary Roberts 0-0: Ball
1-0: Foul Ball, location: 2F
1-1: Ball
2-1: Swinging Strike
2-2: Ball
3-2: Strikes out swinging
Bottom of the 2nd over - 0 runs, 1 hit, 0 errors, 1 left on base; University of Illinois 0 - Pennsylvania State University 0
TOP OF THE 3RD
University of Illinois Fighting Illini batting - Pitching for Pennsylvania State University Nittany Lions : RHP Vicente Garcia
Batting: RHB Kyle Verkamp 0-0: Called Strike
0-1: SINGLE (Groundball, 4MD, EV 110.0 MPH)
Batting: LHB Salvador Ramos 0-0: Called Strike
0-1: Foul Ball, location: 2F
0-2: Foul Ball, location: 2F
0-2: Ball
1-2: Ball
2-2: Foul Ball, location: 2F
2-2: Foul Ball, location: 2F
2-2: SINGLE (Line Drive, 6M, EV 99.4 MPH)
Kyle Verkamp to second
Batting: RHB Qian Tai 0-0: Swinging Strike
0-1: Fly out, F6 (Popup, 6MD, EV 67.5 MPH)
Batting: SHB Dan Strickland 0-0: Foul Ball, location: 2F
0-1: Grounds into double play, 6-4-3 (Groundball, 6M, EV 89.4 MPH)
Top of the 3rd over - 0 runs, 2 hits, 0 errors, 1 left on base; University of Illinois 0 - Pennsylvania State University 0
BOTTOM OF THE 3RD
Pennsylvania State University Nittany Lions batting - Pitching for University of Illinois Fighting Illini : RHP Dante Taylor
Batting: RHB James Steinmetz 0-0: Called Strike
0-1: Fly out, F7 (Flyball, 7, EV 76.9 MPH)
Batting: RHB Perry Brantley 0-0: Ball
1-0: Fly out, F9 (Flyball, 9, EV 96.2 MPH)
Batting: RHB Francisco Velazquez 0-0: SOLO HOME RUN (Flyball, 78XD, EV 110.0 MPH), Distance : 418 ft
Batting: RHB Pete Martin 0-0: Foul Ball, location: 2F
0-1: DOUBLE (Line Drive, 7LM, EV 101.2 MPH)
Batting: RHB Josh Ebeling 0-0: Ball
1-0: Ball
2-0: Ball
3-0: Called Strike
3-1: 2-RUN HOME RUN (Line Drive, 7D, EV 100.0 MPH), Distance : 392 ft
Batting: RHB Rob Hinojosa 0-0: Ball
1-0: SOLO HOME RUN (Flyball, 9D, EV 93.1 MPH), Distance : 368 ft
Batting: RHB Victor Victorino 0-0: Fly out, F8 (Flyball, 8LS, EV 85.0 MPH)
Bottom of the 3rd over - 4 runs, 4 hits, 0 errors, 0 left on base; University of Illinois 0 - Pennsylvania State University 4
TOP OF THE 4TH
University of Illinois Fighting Illini batting - Pitching for Pennsylvania State University Nittany Lions : RHP Vicente Garcia
Batting: LHB Alex Rivera 0-0: Ball
1-0: Swinging Strike
1-1: Foul Ball, location: 2F
1-2: Foul Ball, location: 2F
1-2: Ball
2-2: SOLO HOME RUN (Flyball, 89XD, EV 110.0 MPH), Distance : 428 ft
Batting: RHB Lance Borgen 0-0: Swinging Strike
0-1: Ball
1-1: Swinging Strike
1-2: Strikes out swinging
Batting: SHB Adonis Jones 0-0: Ball
1-0: Ground out 6-3 (Groundball, 4M, EV 90.6 MPH)
Batting: RHB Edwardo Tanchez 0-0: Ball
1-0: Ball
2-0: Ball
3-0: Called Strike
3-1: Base on Balls
Batting: RHB Bobby Raya 0-0: Called Strike
0-1: Swinging Strike
0-2: Ball
1-2: Foul Ball, location: 2F
1-2: Ball
2-2: Ball
3-2: Foul Ball, location: 2F
3-2: Base on Balls
Edwardo Tanchez to second
Batting: RHB Kyle Verkamp 0-0: Ball
1-0: Swinging Strike
1-1: Fly out, F9 (Flyball, 9, EV 86.2 MPH)
Top of the 4th over - 1 run, 1 hit, 0 errors, 2 left on base; University of Illinois 1 - Pennsylvania State University 4
BOTTOM OF THE 4TH
Pennsylvania State University Nittany Lions batting - Pitching for University of Illinois Fighting Illini : RHP Dante Taylor
Batting: RHB Joe Strachan 0-0: DOUBLE (Line Drive, 7LD, EV 106.9 MPH)
Batting: RHB Zachary Roberts 0-0: Ball
1-0: Ball
2-0: Ball
3-0: Base on Balls
Batting: RHB James Steinmetz 0-0: Called Strike
0-1: Ball
1-1: SINGLE (Groundball, 6MD, EV 103.1 MPH)
Joe Strachan to third
Zachary Roberts to second
Batting: RHB Perry Brantley 0-0: Ball
1-0: Foul Ball, location: 2F
1-1: Ball
2-1: Ball
3-1: Swinging Strike
3-2: Base on Balls
Joe Strachan scores
Zachary Roberts to third
James Steinmetz to second
Pitching: LHP Willie Tirado
Batting: RHB Francisco Velazquez 0-0: Called Strike
0-1: Ball
1-1: Swinging Strike
1-2: Strikes out swinging
Batting: RHB Pete Martin 0-0: Ball
1-0: Foul Ball, location: 2F
1-1: Called Strike
1-2: Strikes out swinging
Batting: RHB Josh Ebeling 0-0: Foul Ball, location: 2F
0-1: Fly out, F4 (Popup, 4S, EV 75.0 MPH)
Bottom of the 4th over - 1 run, 2 hits, 0 errors, 3 left on base; University of Illinois 1 - Pennsylvania State University 5
TOP OF THE 5TH
University of Illinois Fighting Illini batting - Pitching for Pennsylvania State University Nittany Lions : RHP Vicente Garcia
Batting: LHB Salvador Ramos 0-0: SINGLE (Groundball, 4M, EV 108.1 MPH) (infield hit)
Batting: RHB Qian Tai 0-0: Ball
1-0: Fly out, F7 (Flyball, 78M, EV 90.0 MPH)
Batting: SHB Dan Strickland 0-0: Called Strike
0-1: Grounds into double play, 4-6-3 (Groundball, 4, EV 91.2 MPH)
Top of the 5th over - 0 runs, 1 hit, 0 errors, 0 left on base; University of Illinois 1 - Pennsylvania State University 5
BOTTOM OF THE 5TH
Pennsylvania State University Nittany Lions batting - Pitching for University of Illinois Fighting Illini : LHP Willie Tirado
Batting: RHB Rob Hinojosa 0-0: Ball
1-0: SOLO HOME RUN (Flyball, 78XD, EV 115.0 MPH), Distance : 421 ft
Batting: RHB Victor Victorino 0-0: Ball
1-0: Ball
2-0: SOLO HOME RUN (Flyball, 78XD, EV 105.0 MPH), Distance : 419 ft
Batting: RHB Joe Strachan 0-0: Swinging Strike
0-1: Ball
1-1: Ball
2-1: Ball
3-1: Fly out, F8 (Line Drive, 8LD, EV 97.5 MPH)
Batting: RHB Zachary Roberts 0-0: Swinging Strike
0-1: Called Strike
0-2: Ball
1-2: Ball
2-2: Ball
3-2: Foul Ball, location: 2F
3-2: Strikes out swinging
Batting: RHB James Steinmetz 0-0: Foul Ball, location: 2F
0-1: Ball
1-1: SINGLE (Line Drive, 89M, EV 100.0 MPH)
Batting: RHB Perry Brantley 0-0: Ball
1-0: Ball
2-0: Foul Ball, location: 2F
2-1: Foul Ball, location: 2F
2-2: Strikes out swinging, 2-3 out at first.
Bottom of the 5th over - 2 runs, 3 hits, 0 errors, 1 left on base; University of Illinois 1 - Pennsylvania State University 7
TOP OF THE 6TH
University of Illinois Fighting Illini batting - Pitching for Pennsylvania State University Nittany Lions : RHP Vicente Garcia
Batting: LHB Alex Rivera 0-0: Called Strike
0-1: Foul Ball, location: 2F
0-2: Ground out 4-3 (Groundball, 4, EV 78.8 MPH)
Batting: RHB Lance Borgen 0-0: Ball
1-0: Fly out, F7 (Line Drive, 7LM, EV 105.6 MPH)
Batting: SHB Adonis Jones 0-0: Called Strike
0-1: Ground out U3 (Groundball, 34S, EV 83.8 MPH)
Top of the 6th over - 0 runs, 0 hits, 0 errors, 0 left on base; University of Illinois 1 - Pennsylvania State University 7
BOTTOM OF THE 6TH
Pennsylvania State University Nittany Lions batting - Pitching for University of Illinois Fighting Illini : LHP Willie Tirado
Batting: RHB Francisco Velazquez 0-0: Ball
1-0: Swinging Strike
1-1: Swinging Strike
1-2: Ball
2-2: Ball
3-2: Base on Balls
Pitching: LHP Omar Samario
Batting: RHB Pete Martin 0-0: Ball
1-0: Ball
2-0: Called Strike
2-1: Swinging Strike
2-2: Fly out, F8 (Flyball, 8LS, EV 86.9 MPH)
Batting: RHB Josh Ebeling 0-0: Foul Ball, location: 2F
0-1: Called Strike
0-2: SINGLE (Groundball, 34, EV 98.8 MPH)
Francisco Velazquez to second
Runner from 2nd tries for 3rd, SAFE, throw by RF made to third
Batting: RHB Rob Hinojosa 0-0: Called Strike
0-1: Ball
1-1: Ball
2-1: SINGLE (Line Drive, 6D, EV 94.4 MPH)
Francisco Velazquez scores
Josh Ebeling to second
Batting: RHB Victor Victorino 0-0: Ball
1-0: Swinging Strike
1-1: Called Strike
1-2: Strikes out swinging
Batting: RHB Joe Strachan 0-0: Fielders Choice at 2nd, 6-4 (Groundball, 6, EV 101.2 MPH)
Bottom of the 6th over - 1 run, 2 hits, 0 errors, 2 left on base; University of Illinois 1 - Pennsylvania State University 8
TOP OF THE 7TH
University of Illinois Fighting Illini batting - Pitching for Pennsylvania State University Nittany Lions : RHP Vicente Garcia
Batting: RHB Edwardo Tanchez 0-0: Ball
1-0: Called Strike
1-1: Ball
2-1: Ball
3-1: SINGLE (Groundball, 56D, EV 93.8 MPH)
Batting: RHB Bobby Raya 0-0: Ball
1-0: Ball
2-0: Ball
3-0: Base on Balls
Edwardo Tanchez to second
Pitching: RHP Tony Corona
Pinch Hitting: SHB Josh Thomson 0-0: Ball
1-0: Fielders Choice at 2nd, 4-6 (Groundball, 4, EV 79.4 MPH)
Edwardo Tanchez to third
Batting: LHB Salvador Ramos 0-0: Ball
Josh Thomson steals 2nd base (no throw)
1-0: Foul Ball, location: 2F
1-1: Ball
2-1: Fly out, F4 (Popup, 4, EV 56.2 MPH)
Pinch Hitting: LHB Alex Ramos 0-0: Called Strike
0-1: Reached on error, E6 (Groundball, 6, EV 106.2 MPH)
Edwardo Tanchez scores
Josh Thomson to third
Batting: SHB Dan Strickland 0-0: Ball
1-0: Ball
2-0: 3-RUN HOME RUN (Flyball, 9LD, EV 95.0 MPH), Distance : 336 ft
Pitching: LHP Roberto Mendez
Batting: LHB Alex Rivera 0-0: Called Strike
0-1: Foul Ball, location: 2F
0-2: Fly out, F9 (Flyball, 9, EV 84.4 MPH)
Top of the 7th over - 4 runs, 2 hits, 1 error, 0 left on base; University of Illinois 5 - Pennsylvania State University 8
BOTTOM OF THE 7TH
Pennsylvania State University Nittany Lions batting - Pitching for University of Illinois Fighting Illini : LHP Omar Samario
Pitching: RHP Steve Riley
Now in LF: Alex Ramos
Now in CF: Josh Thomson
Now in RF: Salvador Ramos
Batting: RHB Zachary Roberts 0-0: Ball
1-0: SOLO HOME RUN (Flyball, 78XD, EV 109.4 MPH), Distance : 423 ft
Batting: RHB James Steinmetz 0-0: Fly out, F9 (Line Drive, 9LM, EV 100.0 MPH)
Batting: RHB Perry Brantley 0-0: Ball
1-0: Foul Ball, location: 2F
1-1: Ball
2-1: Foul Ball, location: 2F
2-2: Strikes out looking
Batting: RHB Francisco Velazquez 0-0: Ball
1-0: Swinging Strike
1-1: Called Strike
1-2: Ball
2-2: Ball
3-2: Foul Ball, location: 2F
3-2: Ground out 6-3 (Groundball, 56, EV 87.5 MPH)
Bottom of the 7th over - 1 run, 1 hit, 0 errors, 0 left on base; University of Illinois 5 - Pennsylvania State University 9
TOP OF THE 8TH
University of Illinois Fighting Illini batting - Pitching for Pennsylvania State University Nittany Lions : LHP Roberto Mendez
Pitching: RHP David Cantu
Batting: RHB Lance Borgen 0-0: Swinging Strike
0-1: Foul Ball, location: 2F
0-2: Ball
1-2: Ball
2-2: Ground out 6-3 (Groundball, 6S, EV 86.2 MPH)
Batting: SHB Adonis Jones 0-0: Foul Ball, location: 2F
0-1: Ball
1-1: Foul Ball, location: 2F
1-2: Fly out, F9 (Flyball, 9S, EV 85.6 MPH)
Batting: RHB Edwardo Tanchez 0-0: SINGLE (Line Drive, 8RS, EV 109.4 MPH)
Batting: RHB Bobby Raya 0-0: Called Strike
0-1: Foul Ball, location: 2F
0-2: Foul Ball, location: 2F
0-2: Strikes out looking
Top of the 8th over - 0 runs, 1 hit, 0 errors, 1 left on base; University of Illinois 5 - Pennsylvania State University 9
BOTTOM OF THE 8TH
Pennsylvania State University Nittany Lions batting - Pitching for University of Illinois Fighting Illini : RHP Steve Riley
Batting: RHB Pete Martin 0-0: Ball
1-0: Ball
2-0: Ground out 6-3 (Groundball, 6, EV 81.9 MPH)
Batting: RHB Josh Ebeling 0-0: Foul Ball, location: 2F
0-1: Ball
1-1: Foul Ball, location: 2F
1-2: Foul Ball, location: 2F
1-2: DOUBLE (Groundball, 5L, EV 103.8 MPH)
Batting: RHB Rob Hinojosa 0-0: Ball
1-0: Ball
2-0: Ball
3-0: Called Strike
3-1: 2-RUN HOME RUN (Flyball, 89XD, EV 103.1 MPH), Distance : 416 ft
Pitching: RHP Jose Ramirez
Batting: RHB Victor Victorino 0-0: Ball
1-0: Foul Ball, location: 2F
1-1: Swinging Strike
1-2: Ball
2-2: Ball
3-2: Strikes out looking
Batting: RHB Joe Strachan 0-0: Fly out, F8 (Flyball, 8LD, EV 105.0 MPH)
Bottom of the 8th over - 2 runs, 2 hits, 0 errors, 0 left on base; University of Illinois 5 - Pennsylvania State University 11
TOP OF THE 9TH
University of Illinois Fighting Illini batting - Pitching for Pennsylvania State University Nittany Lions : RHP David Cantu
Batting: SHB Josh Thomson 0-0: Ball
1-0: Ground out 4-3 (Groundball, 4, EV 88.1 MPH)
Pinch Hitting: LHB Antonio Sandoval 0-0: Ball
1-0: Ground out 6-3 (Groundball, 6, EV 104.4 MPH)
Batting: LHB Alex Ramos 0-0: Ball
1-0: Fly out, F7 (Line Drive, 7LS, EV 93.1 MPH)
Top of the 9th over - 0 runs, 0 hits, 0 errors, 0 left on base; University of Illinois 5 - Pennsylvania State University 11
Thursday, December 15th , 2022 - OOTP Baseball 23.9 Build 102